[Event "*** Titled Tuesday Blitz"]
[Site "Chess.com"]
[Date "2021.03.16"]
[Round "3"]
[White "NishaOnYoutube"]
[Black "dosto07"]
[Result "0-1"]
[WhiteElo "2033"]
[BlackElo "2364"]
[TimeControl "180+1"]
[EndTime "10:27:33 PDT"]
[Termination "dosto07 won on time"]

1. d4 d5 2. c4 dxc4 3. Nf3 Nf6 4. e3 e6 5. Bxc4 c5 6. O-O a6 7. Bb3 Nc6 8. Nc3 Be7 9. Qe2 cxd4 10. Rd1 e5 11.
exd4 exd4 12. Be3 Bg4 13. h3 Bxf3 14. Qxf3 O-O 15. Ne2 Bc5 16. Rac1 Qe7 17. Bg5 Ba7 18. Ng3 h6 19. Bxf6 Qxf6 20. Qxf6 gxf6 21. Nf5 h5 22. Rd3 Ne5 23. Rg3+ Kh8 24. Nd6 h4 25. Rg4 Nxg4 26. hxg4 Kg7 27. Rc7 Bb8 28. Rxf7+ Rxf7 29. Nxf7 Bf4 30.
Kf1 d3 31. Ke1 d2+ 32. Kd1 Rc8 33. Ke2 Rc1 34. Nd8 Re1+ 35. Kf3 Bc7 36. Ne6+ Rxe6 0-1

[Event "*** Titled Tuesday Blitz"]
[Site "Chess.com"]
[Date "2021.03.16"]
[Round "3"]
[White "LamaChampetre"]
[Black "DvaHrasta"]
[Result "0-1"]
[WhiteElo "2237"]
[BlackElo "2530"]
[TimeControl "180+1"]
[EndTime "10:27:34 PDT"]
[Termination "DvaHrasta won on time"]

1. d4 Nf6 2. c4 e6 3. Nf3 b6 4.
g3 Ba6 5. Nbd2 d5 6. Bg2 Be7 7. O-O O-O 8. Ne5 c6 9. b3 Nfd7 10. Bb2 Nxe5 11. dxe5 Nd7 12. Qc2 Rc8 13. Rfe1 Qc7 14. f4 Bb4 15. Nf3 Bxe1 16. Rxe1 h6 17. Rc1 dxc4 18. bxc4 Rfd8 19. f5 c5 20. fxe6 fxe6 21. Bh3 Nf8 22. Nh4 Bb7 23. Rf1 Qc6 24. Bg2 Qd7 25. Bh3 Qd2 26. Qb3 Qxe2 27. Rf2 Qd1+ 28.
Rf1 Qxb3 29. axb3 Rd2 30. Bc1 Rd3 31. Bg4 Rcd8 0-1

[Event "*** Titled Tuesday Blitz"]
[Site "Chess.com"]
[Date "2021.03.16"]
[Round "3"]
[White "Bhagya_2312"]
[Black "organdzievhren"]
[Result "0-1"]
[WhiteElo "2243"]
[BlackElo "2425"]
[TimeControl "180+1"]
[EndTime "10:27:34 PDT"]
[Termination "organdzievhren won by checkmate"]

1. e4 e6 2. d4 d5 3. e5 c5 4.
c3 Ne7 5. Nf3 Nec6 6. Be2 b6 7.
O-O Ba6 8. Bxa6 Nxa6 9. Qe2 Nc7 10. Be3 Qc8 11. Nbd2 Qa6 12. c4 Be7 13. b3 Rd8 14. Rfe1 cxd4 15. Nxd4 Nxd4 16. Bxd4 dxc4 17.
Qg4 O-O 18. Nxc4 b5 19. Ne3 Nd5 20. Red1 h6 21. h3 Bg5 22. Bc5 Nxe3 23. fxe3 Rxd1+ 24. Rxd1 Rc8 25. b4 Qa3 26. Qf3 Qxa2 27. Rd7 Qa1+ 28.
Kf2 Qb2+ 29. Kg1 Qa1+ 30. Kf2 f6 31. exf6 Bh4+ 32. g3 Bxf6 33. Qe4 Qb2+ 34. Kf3 Qb3 35. Rxa7 Qd1+ 36. Kf2 Rd8 37. Qxe6+ Kh8 38. Bd4 Rxd4 39. exd4 Bxd4+ 40. Kg2 Qd2+ 41. Kf3 Qf2+ 42. Kg4 Bxa7 43. Qe8+ Kh7 44. Qe4+ g6 45. Qe7+ Kg8 46. Qe6+ Qf7 47.
Qc8+ Kg7 48. Qc3+ Kh7 49. Qc6 Qf5+ 50. Kh4 Qg5# 0-1

[Event "*** Titled Tuesday Blitz"]
[Site "Chess.com"]
[Date "2021.03.16"]
[Round "3"]
[White "Alekseyviktorovich"]
[Black "BahadirOzen"]
[Result "0-1"]
[WhiteElo "2416"]
[BlackElo "2781"]
[TimeControl "180+1"]
[EndTime "10:27:37 PDT"]
[Termination "BahadirOzen won by resignation"]

1. e4 g6 2. d4 Bg7 3. Nc3 d6 4.
Nf3 Nf6 5. Be2 O-O 6. O-O e6 7. Re1 Nc6 8. Bf1 a6 9. a4 b6 10. h3 Bb7 11. Bg5 h6 12. Bf4 Ne7 13. Qd2 Kh7 14.
g4 Nd7 15. Bg2 e5 16. Bg3 Nc6 17. dxe5 Ndxe5 18. Nxe5 Nxe5 19. b3 Re8 20. Rad1 Nd7 21. Nd5 b5 22. f4 Bxd5 23. Qxd5 Qe7 24. e5 Nb6 25. Qd3 dxe5 26. Bxa8 Rxa8 27. axb5 Qc5+ 28.
Bf2 Qxb5 29. fxe5 Qc6 30. c4 Re8 31. Bg3 Qc5+ 32. Kh2 Qb4 33. e6 Rxe6 34. Rxe6 fxe6 35. Re1 e5 36. Bxe5 Qxe1 37. Bxg7 Kxg7 38. Qd4+ Kh7 39. c5 Qe2+ 40. Kh1 Qf1+ 41. Kh2 Qe2+ 42. Kh1 Qf3+ 43. Kh2 Nd5 44. Qe5 Qf4+ 45. Qxf4 Nxf4 46. Kg3 Nd3 47. Kf3 Nxc5 0-1

[Event "*** Titled Tuesday Blitz"]
[Site "Chess.com"]
[Date "2021.03.16"]
[Round "3"]
[White "lagedema"]
[Black "dpopadic"]
[Result "0-1"]
[WhiteElo "2456"]
[BlackElo "2335"]
[TimeControl "180+1"]
[EndTime "10:27:37 PDT"]
[Termination "dpopadic won on time"]

1. d4 Nf6 2. Bg5 d5 3. Bxf6 gxf6 4. e3 c5 5. c4 cxd4 6. exd4 Nc6 7. Nc3 dxc4 8. d5 Ne5 9. f4 Nd3+ 10. Bxd3 cxd3 11. Qxd3 Bg7 12. Nge2 O-O 13. O-O Qb6+ 14. Kh1 Qxb2 15. Rab1 Qa3 16. f5 b6 17. Rb3 Qd6 18. Ng3 Kh8 19. Nge4 Qe5 20. d6 exd6 21. Nxd6 Bd7 22. Nc4 Qe8 23. Nd5 Rd8 24. Qg3 Bc6 25. Nf4 Rg8 26. Re3 Qd7 27. Qh3 Bb5 28. Rc3 Rc8 0-1

[Event "*** Titled Tuesday Blitz"]
[Site "Chess.com"]
[Date "2021.03.16"]
[Round "3"]
[White "Fortitudine"]
[Black "ValeriyGrinev"]
[Result "0-1"]
[WhiteElo "2294"]
[BlackElo "2550"]
[TimeControl "180+1"]
[EndTime "10:27:38 PDT"]
[Termination "ValeriyGrinev won by checkmate"]

1. c4 g6 2. g3 Bg7 3. Bg2 c5 4. Nc3 Nc6 5. d3 Rb8 6. a4 d6 7. e4 e6 8. Nge2 Nge7 9. O-O O-O 10. Be3 Nd4 11. Rb1 b6 12. b4 Bb7 13. Qd2 Re8 14. f4 Nec6 15. b5 Nxe2+ 16. Nxe2 Nd4 17. Nxd4 cxd4 18. Bf2 f5 19. Rfe1 fxe4 20. dxe4 e5 21.
Bh3 Qf6 22. f5 Rbc8 23. fxg6 Rxc4 24. gxh7+ Kh8 25. Bf5 Bc8 26. Qa2 d5 27. Bxc8 Rexc8 28. Rf1 Qd6 29. exd5 Qxd5 30. Qe2 e4 31. Qg4 e3 32.
Be1 Rc2 33. Rf5 Qg2# 0-1

[Event "*** Titled Tuesday Blitz"]
[Site "Chess.com"]
[Date "2021.03.16"]
[Round "3"]
[White "Olga_Zhuravleva"]
[Black "HackingKid98"]
[Result "0-1"]
[WhiteElo "2262"]
[BlackElo "2448"]
[TimeControl "180+1"]
[EndTime "10:27:38 PDT"]
[Termination "HackingKid98 won by resignation"]

1. e4 d5 2. exd5 c6 3. dxc6 Nxc6 4. Nf3 e5 5. Nc3 Bc5 6. d3 Nf6 7. Be3 Bxe3 8. fxe3 Qb6 9. Qd2 Qxb2 10. Rb1 Qa3 11.
Be2 O-O 12. O-O e4 13. Ng5 exd3 14. cxd3 Qe7 15. Nge4 Nxe4 16. Nxe4 Be6 17. Bf3 Rac8 18. Rfc1 b6 19. Qf2 Ne5 20. Be2 Bxa2 21. Ra1 Bd5 22. Nc3 Ba8 23. Nb5 a6 24. Nd4 Bb7 25. Qg3 g6 26. Nf5 Qe6 27. Nd4 Qd5 28. Rf1 Kh8 29. h4 Nc6 30. Nf3 Rce8 31. Ng5 Qe5 32. Qh3 Qxe3+ 33.
Qxe3 Rxe3 34. Nxf7+ Kg7 35. Nh6 Rxf1+ 36. Bxf1 Kxh6 0-1

[Event "*** Titled Tuesday Blitz"]
[Site "Chess.com"]
[Date "2021.03.16"]
[Round "3"]
[White "Sanyura"]
[Black "DenLaz"]
[Result "0-1"]
[WhiteElo "2636"]
[BlackElo "2844"]
[TimeControl "180+1"]
[EndTime "10:27:40 PDT"]
[Termination "DenLaz won on time"]

1. e4 e5 2. Nf3 Nc6 3. Bb5 a6 4. Ba4 Nf6 5. O-O Be7 6. Re1 b5 7. Bb3 d6 8. c3 O-O 9. h3 Bb7 10.
d4 Re8 11. Nbd2 Bf8 12. a3 h6 13. Ba2 Nb8 14. b4 exd4 15. Qb3 Qd7 16. e5 Bd5 17. Qc2 dxe5 18. Nxe5 Qd6 19. cxd4 Bxa2 20. Qxa2 Qd5 21. Ndf3 Qxa2 22. Rxa2 Nbd7 23. Rc2 Bd6 24. Bd2 Nb6 25.
Rec1 Nfd5 26. Rc6 f6 27. Nd3 Nc4 28. Nc5 Nxa3 29. Rxa6 Rxa6 30. Nxa6 Nc4 31. Nc5 Nxd2 32. Nxd2 Nxb4 33. Rb1 Nc6 34. d5 Bxc5 35. dxc6 Re2 36.
Rxb5 Bxf2+ 0-1

[Event "*** Titled Tuesday Blitz"]
[Site "Chess.com"]
[Date "2021.03.16"]
[Round "3"]
[White "GregShahade"]
[Black "Ural_bogatyr"]
[Result "1-0"]
[WhiteElo "2764"]
[BlackElo "2508"]
[TimeControl "180+1"]
[EndTime "10:27:42 PDT"]
[Termination "GregShahade won by resignation"]

1. e4 e5 2. Nf3 Nc6 3. Bb5 Bc5 4. O-O Nf6 5. c3 O-O 6. d4 Bb6 7. Re1 d6 8. h3 a6 9. Ba4 Ne7 10. Bg5 Ng6 11. Nbd2 h6 12. Be3 c6 13. dxe5 dxe5 14. Bxb6 Qxb6 15. Nc4 Qc5 16. Bb3 Be6 17. Qd6 Qxd6 18.
Nxd6 Rab8 19. Bxe6 fxe6 20. Nc4 Nd7 21. Rad1 Rbd8 22.
Rd6 Nf4 23. Red1 Nd5 24. exd5 exd5 25. Nfxe5 Nxe5 26. Rxd8 Nxc4 27. Rxf8+ Kxf8 28. b3 Ne5 29. f4 Ng6 30. g3 Kf7 31. Kf2 Ne7 32. Kf3 Kf6 33.
g4 g5 34. f5 c5 35. Re1 Nc6 36. Re6+ Kf7 37. Rxh6 d4 38. cxd4 cxd4 39. Ke4 a5 40. Rxc6 bxc6 41. Kxd4 1-0

[Event "*** Titled Tuesday Blitz"]
[Site "Chess.com"]
[Date "2021.03.16"]
[Round "3"]
[White "Gahan-MG"]
[Black "ChelsieMonica"]
[Result "1-0"]
[WhiteElo "2663"]
[BlackElo "2338"]
[TimeControl "180+1"]
[EndTime "10:27:45 PDT"]
[Termination "Gahan-MG won by resignation"]

1. e4 e5 2. Nf3 Nc6 3. d4 exd4 4. Nxd4 Bc5 5. Nxc6 Qf6 6. Qd2 dxc6 7. Nc3 Ne7 8.
Bd3 Qg6 9. O-O Bh3 10. Qg5 Qxg5 11. Bxg5 Bd7 12. Na4 Bb6 13. c4 c5 14. Nxb6 axb6 15. a3 Nc6 16. Be3 Be6 17. f4 f6 18. b4 cxb4 19. axb4 Rd8 20. Be2 Nxb4 21. Ra7 Bc8 22. c5 bxc5 23. Bxc5 Nd3 24. Be3 Nb4 25. Rc1 c6 26. Bb6 Rd2 27. Bc4 Rc2 28. Rd1 Rxc4 29. Rd8+ Kf7 30. Rxh8 Nd3 31. Be3 Rb4 32. Kf1 Bg4 33. Ra1 Rb2 34. Rxh7 Rb4 35. h3 Be6 36. Ke2 Bc4 37. Kf3 Kg8 38. Rh5 b5 39. Ra8+ Kf7 40. Ra7+ Kg6 41. Rh8 Ne1+ 42. Kg3 f5 43. exf5+ Kxf5 44.
Rxg7 Rb3 45. Re8 Be6 46. Rg5+ Kf6 47. Re5 Nd3 48. R8xe6+ 1-0

[Event "*** Titled Tuesday Blitz"]
[Site "Chess.com"]
[Date "2021.03.16"]
[Round "3"]
[White "Omk124"]
[Black "IAgrest"]
[Result "1-0"]
[WhiteElo "2555"]
[BlackElo "2288"]
[TimeControl "180+1"]
[EndTime "10:27:46 PDT"]
[Termination "Omk124 won by checkmate"]

1. e4 e5 2. Nf3 Nc6 3. Bc4 Nf6 4. d3 Bc5 5. c3 a6 6. Nbd2 Ba7 7. Nf1 O-O 8. Ng3 d5 9. exd5 Nxd5 10. O-O Kh8 11. Re1 f6 12. Qc2 Bg4 13. Nd2 Nf4 14. Ndf1 b5 15.
Bb3 Nxd3 16. Re4 Nxf2 17. Be3 Nxe4 18. Qxe4 Bd7 19. Rd1 Qe8 20. Bxa7 Rxa7 21. Ne3 Ne7 22. Bc2 Ng6 23. h4 Rf7 24. h5 Nf8 25. Ngf5 Be6 26. Rf1 Ra8 27. Ng4 Rd8 28. h6 g6 29. Ng7 Rxg7 30. hxg7+ Kxg7 31. Nxf6 Qe7 32. Qxe5 Qd6 33. Ne8+ Kg8 34. Qg7# 1-0

[Event "*** Titled Tuesday Blitz"]
[Site "Chess.com"]
[Date "2021.03.16"]
[Round "3"]
[White "blitzking1729"]
[Black "Smile2005"]
[Result "0-1"]
[WhiteElo "2623"]
[BlackElo "2437"]
[TimeControl "180+1"]
[EndTime "10:27:49 PDT"]
[Termination "Smile2005 won by checkmate"]

1. e4 d5 2. exd5 Nf6 3. d4 Nxd5 4. c4 Nb6 5. Nc3 e5 6. d5 Bc5 7. Ne4 Bd4 8. Nf3 Bg4 9. Be2 Bxf3 10. gxf3 O-O 11. Bg5 f6 12. Be3 Bxe3 13. fxe3 f5 14. Nf2 Qh4 15. Qb3 Na6 16. Qc3 e4 17. f4 c6 18. d6 Rf6 19. a3 Rxd6 20. c5 Nd5 21. Bc4 Kh8 22. Qe5 Rg6 23. Bxd5 Rg2 24. Rf1 cxd5 25.
Qxd5 Rd8 26. Qxf5 b6 27. Qxe4 Rxh2 28. c6 Nc5 29. Qf3 Nd3+ 30. Ke2 Nxf2 31. c7 Ne4+ 32. Rf2 Rxf2+ 33. Qxf2 Qxf2# 0-1

[Event "*** Titled Tuesday Blitz"]
[Site "Chess.com"]
[Date "2021.03.16"]
[Round "3"]
[White "ChessQueen"]
[Black "Jospem"]
[Result "0-1"]
[WhiteElo "2719"]
[BlackElo "2925"]
[TimeControl "180+1"]
[EndTime "10:27:50 PDT"]
[Termination "Jospem won by resignation"]

1. e4 e5 2. Nf3 Nc6 3. Bb5 a6 4. Ba4 Nf6 5. d4 exd4 6. O-O Be7 7. e5 Ne4 8. Nxd4 Nc5 9. Nf5 O-O 10. Qg4 g6 11. Bxc6 dxc6 12. Nxe7+ Qxe7 13. Qg3 Re8 14. Re1 Bf5 15. Nc3 Ne6 16. Ne4 Bxe4 17. Rxe4 Rad8 18. Bh6 Qc5 19. c3 Qb5 20. b3 Qd3 21. Re3 Qc2 22. h4 Rd1+ 23. Rxd1 Qxd1+ 24. Kh2 Rd8 25. Qf3 Qxf3 26.
Rxf3 Rd5 27. Re3 Rd2 28. f4 Ng7 29. Bxg7 Kxg7 30. e6 fxe6 31. Rxe6 Kf7 32. Re5 Rxa2 33. h5 Ra3 34. f5 gxh5 35. Kg3 Rxb3 36. Kf4 Rxc3 37.
Re6 Rc4+ 38. Kg5 Rg4+ 39. Kxh5 Rxg2 0-1

[Event "*** Titled Tuesday Blitz"]
[Site "Chess.com"]
[Date "2021.03.16"]
[Round "3"]
[White "Genghis_K"]
[Black "Gloomy_Wanderer"]
[Result "0-1"]
[WhiteElo "2883"]
[BlackElo "2692"]
[TimeControl "180+1"]
[EndTime "10:27:50 PDT"]
[Termination "Gloomy_Wanderer won by resignation"]

1. e4 c5 2. Nf3 a6 3. c4 Nc6 4. d4 cxd4 5. Nxd4 e5 6. Nf5 d6 7.
Ne3 g6 8. Nc3 Bh6 9. g3 Nf6 10.
Bg2 O-O 11. O-O Be6 12. Re1 Rc8 13. b3 Nd4 14. Bb2 b5 15. cxb5 axb5 16. b4 Qb6 17. h3 Rc6 18. Kh2 Rfc8 19. Ncd5 Bxd5 20. Nxd5 Nxd5 21. exd5 Rc2 22. Bxd4 Qxd4 23. Qxd4 exd4 24. f4 d3 25. Rad1 Rxa2 26. Rxd3 Rcc2 27. Rg1 Rab2 28.
h4 Rxb4 29. Kh3 Rbb2 30. Rf3 Bg7 31. f5 Bd4 32. Rd1 Rxg2 33. fxg6 hxg6 34. Rxd4 f5 35.
g4 Rh2+ 36. Kg3 Rbg2+ 37. Kf4 Rxg4+ 38. Ke3 Rxd4 39. Kxd4 Rxh4+ 40. Kd3 Kf7 41. Re3 Re4 42. Rh3 Kf6 43. Rh8 Ke5 44. Rb8 Rd4+ 45. Ke3 Rxd5 0-1

[Event "*** Titled Tuesday Blitz"]
[Site "Chess.com"]
[Date "2021.03.16"]
[Round "3"]
[White "kobemagic"]
[Black "korbul"]
[Result "0-1"]
[WhiteElo "2402"]
[BlackElo "2617"]
[TimeControl "180+1"]
[EndTime "10:27:50 PDT"]
[Termination "korbul won by checkmate"]

1. c4 e6 2. g3 d5 3. Bg2 Nf6 4. Nf3 Be7 5. O-O O-O 6. b3 c6 7. Bb2 a5 8. d4 a4 9. Nbd2 b5 10. cxb5 cxb5 11. bxa4 bxa4 12. Ne5 a3 13. Bc3 Nfd7 14.
Ndf3 f6 15. Nd3 Nb6 16. Bb4 Nc6 17. Bxe7 Qxe7 18. e3 Nc4 19. Nd2 Ba6 20. Nxc4 Bxc4 21. Re1 Rfb8 22. Rc1 Nb4 23. Nxb4 Qxb4 24. Qg4 f5 25. Qg5 Ra7 26. h4 Qd2 27. Rb1 Rab7 28. Red1 Rxb1 29. Rxb1 Rxb1+ 30. Kh2 h6 31. Qe7 Kh7 32.
Qxe6 Qxf2 33. h5 Rb8 34. Kh3 Bf1 35. Bxf1 Qxf1+ 36. Kh2 Rb2# 0-1

[Event "*** Titled Tuesday Blitz"]
[Site "Chess.com"]
[Date "2021.03.16"]
[Round "3"]
[White "sergoy"]
[Black "alejogarcia1999"]
[Result "1-0"]
[WhiteElo "2887"]
[BlackElo "2495"]
[TimeControl "180+1"]
[EndTime "10:27:51 PDT"]
[Termination "sergoy won by resignation"]

1. d4 Nf6 2. c4 g6 3. Nf3 Bg7 4. g3 O-O 5. Bg2 d6 6. O-O Nbd7 7. Nc3 e5 8. e4 exd4 9. Nxd4 Re8 10. h3 c6 11. Qc2 Nc5 12. Be3 a5 13. b3 Qe7 14.
f3 Nh5 15. g4 Nf4 16. Rad1 Nxg2 17. Qxg2 Ne6 18. Nce2 Nc5 19. Nc3 a4 20. b4 Na6 21. a3 Be6 22. Qe2 Qh4 23. Kg2 Be5 24. f4 Bg7 25. Nxe6 fxe6 26. Rd3 Qe7 27. Qd2 d5 28. cxd5 cxd5 29. e5 Rac8 30. Nxa4 Rc4 31. Nb6 Re4 32. Rxd5 Qc7 33. Rd7 Qc6 34. Rd6 Qb5 35. Qd3 Nc7 36. Qxe4 1-0

[Event "*** Titled Tuesday Blitz"]
[Site "Chess.com"]
[Date "2021.03.16"]
[Round "3"]
[White "jfriedel"]
[Black "vanImpe"]
[Result "0-1"]
[WhiteElo "2579"]
[BlackElo "2427"]
[TimeControl "180+1"]
[EndTime "10:27:52 PDT"]
[Termination "vanImpe won by resignation"]

1. d4 g6 2. e4 Bg7 3. Nc3 c5 4. dxc5 Bxc3+ 5. bxc3 Qa5 6. Nf3 Nf6 7. Bd3 Qxc3+ 8.
Bd2 Qxc5 9. e5 Ng4 10. O-O Nc6 11. Re1 Ngxe5 12. Nxe5 Nxe5 13. Bh6 d6 14. Bg7 Rg8 15.
Bxe5 dxe5 16. Rb1 a6 17. Be4 Qc7 18. Qd2 f5 19. Bd5 e6 20. Bb3 Bd7 21. Re3 Kf7 22.
Rbe1 e4 23. Rc3 Bc6 24. Qh6 Qe5 25. Qxh7+ Rg7 26. Qh3 Kg8 27. Qe3 f4 28. Qc5 Qxc5 29.
Bxe6+ Kh7 30. Rxc5 Rd8 31. Rc3 Re7 32. Bb3 Kg7 33.
g3 g5 34. h4 gxh4 35. gxf4 Kf6 36. Kh2 Rd2 37. Rf1 e3 38. Kg1 Rg7+ 39. Kh2 Rxf2+ 40. Rxf2 exf2 0-1

[Event "*** Titled Tuesday Blitz"]
[Site "Chess.com"]
[Date "2021.03.16"]
[Round "3"]
[White "Schachmalanders"]
[Black "Ranindu2003"]
[Result "1-0"]
[WhiteElo "2379"]
[BlackElo "2589"]
[TimeControl "180+1"]
[EndTime "10:27:52 PDT"]
[Termination "Schachmalanders won by checkmate"]

1. e4 g6 2. d4 Bg7 3. c4 d6 4. Nc3 Nc6 5. Nf3 Bg4 6. Be3 e5 7. d5 Nd4 8. Be2 Bxf3 9. Bxf3 Ne7 10. O-O O-O 11. Bxd4 exd4 12. Ne2 c5 13. g3 f5 14. Rb1 a5 15. Nf4 Qd7 16. Ne6 Rf7 17. a3 Be5 18.
Bg2 fxe4 19. Bxe4 Nf5 20. Qd3 Ng7 21. Ng5 Re7 22. b4 axb4 23. axb4 b6 24. bxc5 bxc5 25.
Rb6 Rae8 26. Rfb1 Bf6 27. Ne6 Nxe6 28. dxe6 Qa7 29. Rb7 Qa5 30. Bc6 Rxb7 31. Rxb7 Re7 32. Rxe7 Bxe7 33. Qf3 Qd8 34. Qf7+ Kh8 35. Be8 d3 36.
Kf1 d5 37. cxd5 c4 38. Bb5 d2 39. Ke2 c3 40. Bd3 Qxd5 41. Qxe7 d1=Q+ 42. Kxd1 Qxd3+ 43. Ke1 Qd2+ 44. Kf1 Qd5 45. Qf8# 1-0

[Event "*** Titled Tuesday Blitz"]
[Site "Chess.com"]
[Date "2021.03.16"]
[Round "3"]
[White "vugarrasulov"]
[Black "AvitalBor"]
[Result "1-0"]
[WhiteElo "2847"]
[BlackElo "2648"]
[TimeControl "180+1"]
[EndTime "10:27:53 PDT"]
[Termination "vugarrasulov won by resignation"]

1. e4 e5 2. Nf3 Nc6 3. Bb5 a6 4. Ba4 Nf6 5. d3 b5 6. Bb3 Be7 7.
O-O O-O 8. a4 Bb7 9. Nc3 Na5 10.
Ba2 b4 11. Ne2 d5 12. exd5 Bxd5 13. Bxd5 Qxd5 14. Ng3 g6 15. Re1 Nc6 16. Qe2 Rfe8 17. Bg5 Nd7 18. Bxe7 Rxe7 19. c3 bxc3 20. bxc3 Nc5 21.
Ne4 Nxe4 22. dxe4 Qc5 23. Red1 Na5 24. h4 c6 25. h5 Kg7 26. Rab1 Nc4 27. Nh4 Re6 28.
Rd3 Rd6 29. Rxd6 Nxd6 30. Rd1 Rb8 31. Qg4 Kf8 32. hxg6 hxg6 33. Rd3 Rb1+ 34. Kh2 Ke7 35. Rf3 Qc4 36. Qg5+ Ke8 37. Qxe5+ Kd7 38. Rf6 Rd1 39. Nf3 Ne8 40. Qf4 Nxf6 41. Ne5+ Ke6 42. Nxc4 g5 43. Qe5+ 1-0

[Event "*** Titled Tuesday Blitz"]
[Site "Chess.com"]
[Date "2021.03.16"]
[Round "3"]
[White "CraiggoryC"]
[Black "Oligan22"]
[Result "0-1"]
[WhiteElo "2282"]
[BlackElo "2506"]
[TimeControl "180+1"]
[EndTime "10:27:57 PDT"]
[Termination "Oligan22 won on time"]

1. e4 c6 2. Nf3 d5 3. e5 d4 4. c3 c5 5. cxd4 cxd4 6. Bb5+ Nc6 7. Qa4 Bd7 8. Na3 a6 9. Bxc6 Bxc6 10.
Qxd4 Qxd4 11. Nxd4 Bxg2 12. Rg1 Bd5 13. Ke2 e6 14. b3 Ne7 15. Ke3 Ng6 16. f4 Bc5 17. Bb2 Rd8 18. Rac1 b6 19. Nc2 O-O 20. b4 Be7 21. a3 Bb7 22. Ne1 Rd7 23. Nc6 Bxc6 24. Rxc6 Bd8 25. d4 Ne7 26. Rd6 Nf5+ 27. Ke4 Nxd6+ 28. exd6 Rxd6 29. d5 exd5+ 30. Ke5 Bc7 31. Kf5 g6+ 32. Kg4 Re8 33. Nf3 h5+ 34. Kh4 Re4 35. Be5 Rd7 36. Rc1 Bxe5 37. Nxe5 Rd8 38. Kg5 Kg7 39. Rc7 Rf8 40. Nc6 Rc4 0-1

[Event "*** Titled Tuesday Blitz"]
[Site "Chess.com"]
[Date "2021.03.16"]
[Round "3"]
[White "NTBT_DHS"]
[Black "fabianvivasz"]
[Result "1-0"]
[WhiteElo "2779"]
[BlackElo "2379"]
[TimeControl "180+1"]
[EndTime "10:27:58 PDT"]
[Termination "NTBT_DHS won on time"]

1. d4 Nf6 2. c4 g6 3. Nf3 Bg7 4. g3 O-O 5. Bg2 c6 6. O-O d5 7.
c5 b6 8. cxb6 axb6 9. Nc3 Nbd7 10.
Bf4 Nh5 11. Ne5 Nxe5 12. Bxe5 f6 13. Bf4 Nxf4 14. gxf4 Bf5 15. Qb3 e6 16. Rfd1 Qd6 17. e3 Rfb8 18. Rac1 Bf8 19. a3 Kg7 20. Ne2 c5 21.
Ng3 c4 22. Qc3 Bd3 23. Bf1 Bxf1 24. Rxf1 b5 25. Ra1 Ra4 26. Qc2 Rba8 27. Rae1 f5 28. f3 b4 29. axb4 Rxb4 30. Ra1 Qb8 31. Rxa8 Qxa8 32. e4 Qa2 33. Rf2 Qb3 34. Qe2 Qd3 35. exd5 Qxe2 36. Nxe2 exd5 37. Nc3 Rb3 38. Nxd5 Rd3 39.
Nc7 Kf6 40. Nb5 1-0

[Event "*** Titled Tuesday Blitz"]
[Site "Chess.com"]
[Date "2021.03.16"]
[Round "3"]
[White "grzechu96"]
[Black "CakeinSpace2002"]
[Result "1-0"]
[WhiteElo "2649"]
[BlackElo "2429"]
[TimeControl "180+1"]
[EndTime "10:27:58 PDT"]
[Termination "grzechu96 won by resignation"]

1. e4 c5 2. Nc3 d6 3. d4 cxd4 4. Qxd4 Nc6 5. Qd2 g6 6. b3 Bh6 7.
f4 Nf6 8. Bb2 O-O 9. O-O-O e5 10. g3 Bg4 11. Be2 Re8 12. Kb1 exf4 13. Bxg4 Nxg4 14.
gxf4 Nf6 15. Nf3 Nh5 16. Nd5 Rxe4 17. Ng5 Re8 18. Rhg1 Bg7 19. f5 Bxb2 20. Kxb2 Re5 21. fxg6 hxg6 22. Rdf1 Ne7 23. Nxf7 Rxd5 24. Qh6 Rf5 25.
Nxd8 Rxd8 26. Rxf5 Nxf5 27. Qxh5 1-0

[Event "*** Titled Tuesday Blitz"]
[Site "Chess.com"]
[Date "2021.03.16"]
[Round "3"]
[White "Joker_Gumble"]
[Black "Problematique_99"]
[Result "0-1"]
[WhiteElo "2330"]
[BlackElo "2474"]
[TimeControl "180+1"]
[EndTime "10:27:58 PDT"]
[Termination "Problematique_99 won by checkmate"]

1. d4 Nf6 2. c4 e6 3. Nc3 Bb4 4.
a3 Bxc3+ 5. bxc3 c5 6. e3 Nc6 7. Ne2 b6 8. Ng3 Ba6 9. e4 O-O 10. Bg5 h6 11. h4 d6 12. Ra2 Rc8 13. Rd2 Qe7 14. Qf3 Rfd8 15. Rh3 Kf8 16. Qf4 Ke8 17.
e5 dxe5 18. dxe5 Rxd2 19. exf6 gxf6 20. Bxf6 e5 21. Qxh6 Qe6 22. Kxd2 Rd8+ 23. Kc1 Ne7 24. Bxe7 Qxh6+ 25. Kc2 Qg6+ 26. Nf5 Qxf5+ 27. Kb2 Kxe7 28.
g4 Qxf2+ 29. Kb3 Qxf1 30. Re3 Qb1+ 31. Ka4 Qc2# 0-1

[Event "*** Titled Tuesday Blitz"]
[Site "Chess.com"]
[Date "2021.03.16"]
[Round "3"]
[White "Vasily85"]
[Black "Buffy7"]
[Result "1-0"]
[WhiteElo "2435"]
[BlackElo "2621"]
[TimeControl "180+1"]
[EndTime "10:28:00 PDT"]
[Termination "Vasily85 won by resignation"]

1. d4 Nf6 2. Bg5 c5 3. d5 Qb6 4. Nc3 Qxb2 5. Bd2 Qb6 6. e4 d6 7. f4 g6 8. e5 Nfd7 9. Rb1 Qd8 10. Nf3 Bg7 11. e6 fxe6 12. Ng5 Nf8 13. Bb5+ Bd7 14. dxe6 Bxb5 15. Rxb5 Qc8 16. O-O Nc6 17. f5 Nd4 18. Rb1 Qc6 19. fxg6 hxg6 20. Rf7 Bf6 21.
Nce4 Nfxe6 22. Nxf6+ exf6 23. Rxf6 Nxg5 24. Bxg5 O-O-O 25.
Qg4+ Kb8 26. Rf7 Rc8 27. Rbxb7+ Qxb7 28. Rxb7+ Kxb7 29. Qd7+ Rc7 30. Qxd6 Re8 31. Qd5+ Kb6 32. h4 a5 33. Bd8 Rxd8 34. Qxd8 a4 35. c3 Ne2+ 36. Kh2 Nxc3 37. Qb8+ Kc6 38. Qe8+ Rd7 39. Qxg6+ Kb7 40. h5 Nd5 41. h6 Nf4 42. Qe4+ 1-0

[Event "*** Titled Tuesday Blitz"]
[Site "Chess.com"]
[Date "2021.03.16"]
[Round "3"]
[White "Onischuk_V"]
[Black "Nesty_Javi_Chess"]
[Result "1-0"]
[WhiteElo "2841"]
[BlackElo "2631"]
[TimeControl "180+1"]
[EndTime "10:28:04 PDT"]
[Termination "Onischuk_V won by resignation"]

1. Nf3 Nf6 2. g3 g6 3. Bg2 Bg7 4. O-O O-O 5. d3 d5 6. Nbd2 c6 7. e4 dxe4 8. dxe4 Bg4 9. h3 Bxf3 10. Qxf3 e5 11. Nc4 Qe7 12. b3 Na6 13. Ba3 c5 14.
Bb2 Nd7 15. Rfd1 Rad8 16. Ne3 Nb6 17. Bf1 Nb4 18. a4 a5 19. c3 Nc6 20. Ba3 h6 21.
Bb5 Rxd1+ 22. Rxd1 Rd8 23. Bxc6 Rxd1+ 24. Qxd1 bxc6 25.
Qd3 Nd7 26. Nc4 Bf8 27. Nxa5 Qe6 28. Nc4 Qxh3 29. a5 Nf6 30. Qf3 Ng4 31. Qg2 Qh5 32. f3 Nf6 33. Bc1 Nd7 34. a6 g5 35. a7 g4 36. f4 exf4 37. Bxf4 Nb6 38. Nxb6 c4 1-0

[Event "*** Titled Tuesday Blitz"]
[Site "Chess.com"]
[Date "2021.03.16"]
[Round "3"]
[White "nurgyulsalimova"]
[Black "Babas"]
[Result "1-0"]
[WhiteElo "2637"]
[BlackElo "2417"]
[TimeControl "180+1"]
[EndTime "10:28:04 PDT"]
[Termination "nurgyulsalimova won on time"]

1. Nf3 d5 2. e3 Nf6 3. c4 c6 4. b3 Bg4 5. Bb2 Nbd7 6. Be2 e6 7. h3 Bxf3 8. Bxf3 Bd6 9. O-O O-O 10. d4 Qe7 11. Nc3 dxc4 12. bxc4 e5 13. Qc2 Rfe8 14. Rab1 Rad8 15. Ba1 Nf8 16. Qa4 Bb8 17. Ne2 Ng6 18. Ng3 e4 19. Be2 Nh4 20. Qb4 Qxb4 21. Rxb4 b6 22. a4 Bc7 23. a5 c5 24. dxc5 bxc5 25.
Rb7 Bxa5 26. Bxf6 gxf6 27. Bh5 Ng6 28. Nf5 Kf8 29. Rxa7 Bc3 30. Rb1 Re5 31. g4 Ne7 32. Rbb7 1-0

[Event "*** Titled Tuesday Blitz"]
[Site "Chess.com"]
[Date "2021.03.16"]
[Round "3"]
[White "C_K_G"]
[Black "Hangar-18"]
[Result "0-1"]
[WhiteElo "1999"]
[BlackElo "2354"]
[TimeControl "180+1"]
[EndTime "10:28:06 PDT"]
[Termination "Hangar-18 won on time"]

1. e4 c6 2. Nf3 d5 3. Nc3 Bg4 4.
exd5 cxd5 5. d4 Nc6 6. h3 Bh5 7.
Be2 e6 8. O-O Nf6 9. Be3 Bd6 10.
Re1 O-O 11. a3 a6 12. b4 Rc8 13. Na4 Ne4 14. Nc5 Nc3 15. Qd2 Nxe2+ 16. Qxe2 Qc7 17. g4 Bg6 18. Rac1 h6 19. c4 dxc4 20. Rxc4 Qb8 21. Rec1 Ne7 22. Nd7 Rxc4 23. Rxc4 Qa8 24. Nxf8 Qxf8 25.
Ne5 Be4 26. f3 Bd5 27. Rc1 f6 28. Nd7 Qe8 29. Nc5 Ng6 30. Kf2 Nh4 31. Qd2 Nxf3 32. Qc3 Qg6 33. Nd7 Bc6 34. Nc5 Nh4 35. Nxe6 Qe4 36. d5 Bxd5 37. Qc8+ Kh7 38. Nf8+ Bxf8 39. Qxf8 Qf3+ 40. Ke1 Qxe3+ 41. Kd1 Qd3+ 42. Ke1 Ng2+ 43. Kf2 Qe3+ 0-1